 Dungeon Crawl Stone Soup version 0.29.1-15-g9cfb28693d (webtiles) character file.

Game seed: 8628654531901998945

541 Alturiack the Stinger (level 7, -1/32 HPs)
             Began as a Spriggan Venom Mage on Apr 11, 2023.
             Succumbed to a water moccasin's poison
             ... on level 5 of the Dungeon.
             The game lasted 00:21:12 (6033 turns).

Alturiack the Stinger (Spriggan Venom Mage)         Turns: 6033, Time: 00:21:12

Health: -1/32      AC:  3    Str:  4    XL:     7   Next: 5%
Magic:  15/15      EV: 19    Int: 19    God:
Gold:   220        SH:  0    Dex: 15    Spells: 12/15 levels left

rFire   . . .      SeeInvis +   l - +0 sling
rCold   . . .      Faith    .   (no shield)
rNeg    . . .      Spirit   .   i - +1 robe of the Soldier {Regen+}
rPois   .          Reflect  .   (helmet restricted)
rElec   .          Harm     .   (no cloak)
rCorr   .          Rampage  .   (gloves unavailable)
Will    +....                   (boots unavailable)
Stlth   ++........              x - amulet of magic regeneration
HPRegen 0.90/turn               (no ring)
MPRegen 0.54/turn               (no ring)

@: lethally poisoned (-1 -> -7), very quick
A: very small, no large weapons, unfitting armour, see invisible, speed 3
a: no special abilities


You were on level 5 of the Dungeon.
You visited 1 branch of the dungeon, and saw 5 of its levels.

You collected 220 gold pieces.

Inventory:

Hand Weapons
 l - a +0 sling (weapon)
Armour
 a - a +0 robe
 i - the +1 robe of the Soldier (worn) {Regen+}
   (You found it on level 2 of the Dungeon)

   Regen:     It increases your rate of health regeneration.
Jewellery
 x - an amulet of magic regeneration (around neck)
Wands
 j - a wand of polymorph (8)
Scrolls
 c - 2 scrolls of enchant armour {unknown}
 d - 2 scrolls of identify {unknown}
 e - a scroll of blinking {unknown}
 f - a scroll of immolation {unknown}
 g - a scroll of poison {unknown}
 h - a scroll of brand weapon {unknown}
 n - a scroll of fear {unknown}
 q - a scroll of vulnerability {unknown}
 s - a scroll of butterflies {unknown}
 u - a scroll of silence {unknown}
Potions
 b - 2 potions of magic
 k - 2 potions of curing {unknown}
 m - 3 potions of brilliance {unknown}
 o - 2 potions of mutation {unknown}
 p - 2 potions of heal wounds
 r - 2 potions of ambrosia {unknown}
 t - a potion of might {unknown}
 v - 2 potions of degeneration {unknown}
 w - a potion of lignification {unknown}


   Skills:
 * Level 3.1 Ranged Weapons
 + Level 5.0 Dodging
 - Level 3.0 Stealth
 + Level 4.7 Spellcasting
 - Level 1.3 Transmutations
 * Level 5.5 Poison Magic
 + Level 0.6 Evocations


You had 12 spell levels left.
You knew the following spells:

 Your Spells              Type           Power      Damage    Failure   Level
a - Sting                 Tmut/Pois      68%        1d6       3%          1
b - Poisonous Vapours     Pois/Air       30%        N/A       6%          2

Your spell library contained the following spells:

 Spells                   Type           Power      Damage    Failure   Level
 Summon Small Mammal      Summ           16%        N/A       13%         1
 Olgreb's Toxic Radiance  Pois           25%        N/A       13%         4
 Mephitic Cloud           Conj/Pois/Air  11%        N/A       19%         3
 Call Canine Familiar     Summ           4%         N/A       36%         3
 Summon Guardian Golem    Hex/Summ       4%         N/A       36%         3


Dungeon Overview and Level Annotations

Branches:
Dungeon (5/15)             Temple (0/1) D:4

Altars:
Ashenzari
Makhleb
Nemelex Xobeh
Okawaru
Zin

Shops:
D:1 !=([


Innate Abilities, Weirdness & Mutations

You are very small and have problems with some larger weapons.
You are too small for most types of armour.
You have supernaturally acute eyesight. (SInv)
You cover ground extremely quickly. (Speed+++)


Message History

The water moccasin closely misses you.
There is a stone staircase leading down here.
The water moccasin looks more healthy.
Casting: Sting (safe; 3% risk of failure)
Confirm with . or Enter, or press ? or * to list all spells.
Aiming: Sting (safe; 3% risk of failure)
Press: ? - help, Shift-Dir - straight line, f/p - water moccasin
Aim: a water moccasin (moderately wounded, 57% to hit)
The sting hits the water moccasin but does no damage.
The water moccasin is poisoned.
The water moccasin is moderately wounded.
The water moccasin bites you.
You are poisoned.
The water moccasin poisons you!
You feel sick.
You feel sick.
You feel sick.
You feel sick.
You feel sick. The water moccasin barely misses you.
You feel sick.
You feel sick.
The water moccasin looks more healthy.
You are too injured to fight recklessly!
You feel sick.
Fire: l) +0 sling
Press: ? - help, Q - select action, (/) - cycle Shift-Dir - straight line, f/p - water moccasin
Aim: a water moccasin (heavily wounded, 35% to hit)
You shoot a sling bullet.
The sling bullet closely misses the water moccasin.
The sling bullet closely misses the orc.
You feel sick. The water moccasin bites you!
* * * LOW HITPOINT WARNING * * *
You feel sick.
You are no longer poisoned.
The water moccasin closely misses you. The water moccasin bites you.
* * * LOW HITPOINT WARNING * * *
You are lethally poisoned!
The water moccasin poisons you!
You die...

######### #######..o.o..#
#.......#####S### #.......#
#..@# ##....o..# ###.#
.'.......##### #.#
##...........# #.#
#......o....# #.#
##...o.......# #.#
.....>#......###.#
#....o........##.##############
#.............##..............#


You could see a water moccasin and an orc.

Vanquished Creatures
  A phantom (D:4)
  Blork the orc (D:4)
  A necrophage (D:4)
  2 scorpions
  An orc priest (D:4)
  An iguana (D:4)
  Terence (D:2)
  Robin (D:2)
  An adder (D:2)
  An ufetubus (D:5)
  A worm (D:2)
  3 dart slugs
  8 orcs
  12 bats
  13 endoplasms
  2 giant cockroaches (D:2)
  9 hobgoblins
  9 kobolds
  4 quokkas
  7 ball pythons
  A frilled lizard (D:2)
  13 goblins
  2 rats
95 creatures vanquished.

Notes
Turn   | Place    | Note
-------+----------+-------------------------------------------
     0 | D:1      | Alturiack the Spriggan Venom Mage began the quest for the
                  | Orb.
     0 | D:1      | Reached XP level 1. HP: 9/9 MP: 5/5
   396 | D:1      | Found Beruuguc's Antique Armour Shop.
   426 | D:1      | Reached XP level 2. HP: 11/13 MP: 3/6
   466 | D:1      | Found Zenoc's Weapon Shoppe.
   554 | D:1      | Found Boabehaj's Jewellery Shop.
   792 | D:1      | Found Tiyf's Distillery.
  1441 | D:1      | Reached XP level 3. HP: 16/16 MP: 4/8
  2248 | D:2      | Identified the +1 robe of the Soldier {Regen+}
  2260 | D:2      | Noticed Robin
  2339 | D:2      | Killed Robin
  2628 | D:2      | Noticed Terence
  2656 | D:2      | Killed Terence
  2657 | D:2      | Reached XP level 4. HP: 16/21 MP: 5/10
  2796 | D:2      | Found a burning altar of Makhleb.
  2922 | D:2      | Learned a level 2 spell: Poisonous Vapours
  3598 | D:3      | Found a glowing silver altar of Zin.
  3598 | D:3      | Found a broken altar of Ashenzari.
  3969 | D:3      | Noticed a scorpion
  3986 | D:3      | Killed a scorpion
  3987 | D:3      | Reached skill level 1 in Ranged Weapons
  3987 | D:3      | Reached XP level 5. HP: 24/24 MP: 5/12
  4428 | D:4      | Noticed Blork the orc
  4461 | D:4      | Killed Blork the orc
  4462 | D:4      | Reached skill level 5 in Poison Magic
  4462 | D:4      | Reached XP level 6. HP: 21/28 MP: 3/13
  4749 | D:4      | Found an iron altar of Okawaru.
  5172 | D:4      | Found a staircase to the Ecumenical Temple.
  5409 | D:4      | Found a sparkling altar of Nemelex Xobeh.
  5559 | D:4      | Reached skill level 5 in Dodging
  5559 | D:4      | Reached XP level 7. HP: 18/32 MP: 1/15
  5906 | D:5      | Entered Level 5 of the Dungeon
  6032 | D:5      | HP: 1/32 [water moccasin (3)]
  6033 | D:5      | Succumbed to a water moccasin's poison

Illustrated notes

Levels and vault maps discovered:
D:1:      lemuel_arrival_broad_hall, layout_basic, serial_shops,
          nicolae_shop_behind_doors, shop, nicolae_shop_window_shopping, shop,
          minmay_misc_feat_doors, grunt_decor_junction, st_stairs_2,
          nicolae_concentric_dashed_squares_wild, minmay_misc_feat_room,
          lemuel_flame_loot_1
D:2:      layout_basic, basic_altar, uniq_terence, uniq_robin
D:3:      layout_basic, chequers_temple_overflow_statue_of_worship, st_stairs_14
D:4:      nicolae_cairo_tiling, layout_rooms, kennysheep_okawaru_gauntlet,
          nemelex_diamond_rough_becter, grunt_ministairs_3, uniq_blork_the_orc
D:5:      layout_basic, gammafunk_ghost_cemetery, nicolae_ossuary_entry_plus,
          uniq_menkaure

Skill      XL: |  1  2  3  4  5  6 |
---------------+-------------------+-----
Dodging        | 3 4 5 |  5.0
Spellcasting   | 3 4 |  4.7
Poison Magic   | 4 5 |  5.5
Ranged Weapons | 1 2 3 |  3.1
Stealth        | |  3.0
Transmutations | |  1.3
Evocations     | |  0.6

Action                   |  1- 3 |  4- 6 |  7- 9 || total
-------------------------+-------+-------+-------++-------
Melee: Unarmed           |     7 |       |       ||     7
 Fire: Sling             |       |   110 |     5 ||   115
 Cast: Sting             |    86 |    55 |     8 ||   149
       Poisonous Vapours |       |    32 |     4 ||    36
Armor: Robe              |     5 |     9 |     1 ||    15
Dodge: Dodged            |    47 |    64 |    13 ||   124
